 Dungeon Crawl Stone Soup version 0.30-a0-365-ge7f957f1db (webtiles) character file.

Game seed: 13615210382411778495

444751 qeuew the Wrestler (level 22, -4/228 HPs)
             Began as a Troll Monk on Nov 16, 2022.
             Was the Champion of Jiyva.
             Slain by a green draconian monk (13 damage)
             ... led by a green draconian monk
             ... on level 2 of the Realm of Zot on Nov 17, 2022.
             The game lasted 02:02:26 (40592 turns).

qeuew the Wrestler (Troll Monk)                    Turns: 40592, Time: 02:02:26

Health: -4/228     AC: 11    Str: 31    XL:     22   Next: 78%
Magic:  32/32      EV: 27    Int: 12    God:    Jiyva [******]
Gold:   2430       SH:  0    Dex: 30    Spells: 21/21 levels left

rFire   . . .      SeeInvis .      - Unarmed
rCold   + . .      Faith    .    (no shield)
rNeg    . . .      Spirit   .    n - +4 troll leather armour of the Butcher {Rampage rElec Regen+ Int+3 Dex-3}
rPois   .          Reflect  .    (helmet restricted)
rElec   +          Harm     .    f - scarf {repulsion}
rCorr   +          Rampage  +    (gloves unavailable)
Will    +....                    (boots unavailable)
Stlth   ++++......               D - amulet of regeneration
HPRegen 5.38/turn                a - ring "Epsem" {Str+6 Dex+4}
MPRegen 0.73/turn                E - ring "Sino" {rCorr Dex+6}

@: about to teleport, studying Dodging, repel missiles
A: large, unfitting armour, claws 3, regeneration 2, shaggy fur 3, tough skin 1,
horns 2, thin skeletal structure 1, agile 1, clever 1, mutation resistance 1,
gelatinous body 1, pseudopods 1, translucent skin 3, jelly sensing items
}: 3/15 runes: serpentine, barnacled, slimy
a: Renounce Religion, Oozemancy, Slimify


You were on level 2 of the Realm of Zot.
You worshipped Jiyva.
Jiyva was exalted by your worship.
You visited 11 branches of the dungeon, and saw 48 of its levels.
You visited 1 bazaar.
You also visited: Trove, Ossuary, Bailey, Gauntlet and Ice Cave.

You collected 3687 gold pieces.
You spent 1257 gold pieces at shops.

Inventory:

Missiles
 h - 4 throwing nets
Armour
 f - a scarf of repulsion (worn)
 n - the +4 troll leather armour of the Butcher (worn) {Rampage rElec Regen+ Int+3 Dex-3}
   (You bought it in a shop on level 6 of the Dungeon)

   Int:       It affects your intelligence (+3).
   Dex:       It affects your dexterity (-3).
   rElec:     It insulates you from electricity.
   Regen:     It increases your rate of health regeneration.
   Rampage:   It bestows one free step when moving towards enemies.
Jewellery
 a - the ring "Epsem" (left claw) {Str+6 Dex+4}
   (You found it on level 8 of the Dungeon)

   [ring of strength]

   Str:       It affects your strength (+6).
   Dex:       It affects your dexterity (+4).
 c - an amulet of magic regeneration
 e - an amulet of faith
 k - a ring of protection from fire
 v - a +4 ring of slaying
 w - the ring of the Hare {EV+8}
   (You took it off a necromancer on level 1 of the Depths)

   [ring of evasion]

   EV:        It affects your evasion (+8).
 y - a ring of protection from cold
 C - a ring of wizardry
 D - an amulet of regeneration (around neck)
 E - the ring "Sino" (right claw) {rCorr Dex+6}
   (You found it in a Gauntlet)

   [ring of dexterity]

   Dex:       It affects your dexterity (+6).
   rCorr:     It protects you from acid and corrosion.
 F - a ring of protection from fire
 I - the ring of Jodeuj {rF++ rC+ Dex+4 Stlth+}
   (You found it in an ice cave)

   [ring of protection from cold]

   Dex:       It affects your dexterity (+4).
   rF:        It greatly protects you from fire.
   rC:        It protects you from cold.
   Stlth:     It makes you more stealthy.
 J - a +4 ring of evasion
Wands
 d - a wand of iceblast (13) (quivered)
 g - a wand of polymorph (14)
 i - a wand of mindburst (27)
 o - a wand of digging (4)
 z - a wand of light (6)
 L - a wand of flame (11)
 P - a wand of paralysis (6)
Scrolls
 m - 4 scrolls of teleportation
 p - 5 scrolls of amnesia
 r - a scroll of magic mapping
 s - 5 scrolls of butterflies
 x - 2 scrolls of enchant armour
 A - 4 scrolls of silence
 G - a scroll of fear
 K - a scroll of blinking
 M - a scroll of enchant weapon
 N - 16 scrolls of identify
Potions
 b - 2 potions of ambrosia
 j - 8 potions of attraction
 l - a potion of flight
 q - 4 potions of might
 t - 5 potions of cancellation
 u - 7 potions of brilliance
 B - 4 potions of curing
 O - 3 potions of mutation
 Q - a potion of haste


   Skills:
 + Level 15.4 Fighting
 + Level 15.7 Dodging
 - Level 1.0 Stealth
 * Level 24.7 Unarmed Combat
 + Level 15.8 Invocations
 + Level 13.4 Evocations


You had 21 spell levels left.
You didn't know any spells.
Your spell library contained the following spells:

 Spells                   Type           Power      Damage    Failure   Level
 Apportation              Tloc           0%         N/A       36%         1
 Kiss of Death            Conj/Necr      0%         2d5       36%         1
 Necrotise                Necr           0%         1d4       36%         1
 Summon Small Mammal      Summ           0%         N/A       36%         1
 Blink                    Tloc           0%         N/A       50%         2
 Scorch                   Fire           0%         2d5       50%         2
 Call Canine Familiar     Summ           0%         N/A       73%         3
 Confusing Touch          Hex            0%         N/A       73%         3
 Dazzling Flash           Conj/Hex       0%         N/A       73%         3
 Gell's Gravitas          Tloc           0%         N/A       73%         3
 Inner Flame              Hex/Fire       0%         N/A       73%         3
 Kindle Blastsparks       Fire/Tloc/Air  0%         2d10      73%         3
 Ozocubu's Armour         Ice            0%         N/A       73%         3
 Summon Guardian Golem    Hex/Summ       0%         N/A       73%         3
 Tukima's Dance           Hex            0%         N/A       73%         3
 Vampiric Draining        Necr           0%         2d6       73%         3
 Cause Fear               Hex            0%         N/A       98%         4
 Dispel Undead            Necr           0%         3d6       98%         4
 Flame Wave               Conj/Fire      0%         2d4       98%         4
 Fulminant Prism          Conj/Hex       0%         3d5       98%         4
 Iskenderun's Mystic Bla  Conj/Tloc      0%         2d3       98%         4
 Manifold Assault         Tloc           0%         N/A       98%         4
 Passage of Golubria      Tloc           0%         N/A       98%         4
 Agony                    Necr           0%         N/A       100%        5
 Alistair's Intoxication  Tmut/Pois      0%         N/A       100%        5
 Iskenderun's Battlesphe  Conj           0%         2d6       100%        5
 Lee's Rapid Deconstruct  Erth           0%         3d4*      100%        5
 Silence                  Hex/Air        0%         N/A       100%        5
 Summon Forest            Summ/Tloc      0%         N/A       100%        5
 Yara's Violent Unravell  Hex/Tmut       0%         3d3       100%        5
 Dispersal                Tloc           0%         N/A       100%        6
 Eringya's Noxious Bog    Tmut/Pois      0%         N/A       100%        6
 Iron Shot                Conj/Erth      0%         9d1       100%        6
 Starburst                Conj/Fire      0%         6d3       100%        6
 Summon Cactus Giant      Summ           0%         N/A       100%        6
 Orb of Destruction       Conj           0%         9d5       100%        7
 Ozocubu's Refrigeration  Ice            0%         4d7       100%        7
 Spellforged Servitor     Conj/Summ      0%         N/A       100%        7
 Storm Form               Tmut/Air       0%         N/A       100%        7
 Summon Hydra             Summ           0%         N/A       100%        7
 Discord                  Hex            0%         N/A       100%        8
 Lehudib's Crystal Spear  Conj/Erth      0%         10d2      100%        8
 Necromutation            Tmut/Necr      0%         N/A       100%        8


Dungeon Overview and Level Annotations

Branches:
Dungeon (15/15)            Temple (1/1) D:7            Lair (5/5) D:11
 Shoals (4/4) Lair:3        Snake (4/4) Lair:2        Slime (5/5) Lair:4
    Orc (2/2) D:11            Elf (0/3) Orc:2        Vaults (5/5) D:14
  Crypt (0/3) Vaults:3     Depths (4/4) D:15           Hell (visited)
    Zot (2/5) Depths:4    Ossuary (visited)          Bailey (visited)
  IceCv (visited)         Gauntlet (visited)
    Dis: Hell:1         Geh: Hell:1         Coc: Hell:1         Tar: Hell:1

Altars:
Ashenzari
Cheibriados
Dithmenos
Gozag
Hepliaklqana
Kikubaaqudgha
Makhleb
Nemelex Xobeh
Okawaru
Qazlal
Sif Muna
Trog
Uskayaw
Vehumet
Wu Jian
Xom
Yredelemnul
Zin
The Shining One
Jiyva
Lugonu

Shops:
D:6 **   Orc:2 :((*   Shoals:1 !:[   Shoals:3 ((?   Snake:4 ([[[   Vaults:1 (
Vaults:2 (   Vaults:4 :

Portals:
Hell: Depths:1 Depths:2 Depths:3 Depths:4
Abyss: Lair:5 Slime:4 Depths:1 Depths:2 Depths:3
Pandemonium: Depths:2
Ziggurat: Depths:3

Annotations:
Shoals:1 3 runed translucent doors, Tagont's ghost, adept DsGl
Slime:5 Royal Jelly
Depths:4 1 runed translucent door, Mafuddif's ghost, adept HOFi
Hell Geryon
Zot:2 1 runed translucent door, Cayster's ghost, legendary VSBe


Innate Abilities, Weirdness & Mutations

You are too large for most types of armour.
You have claws for hands.
You heal very quickly.
Your thick and shaggy fur keeps you warm. (AC +3, rC+)
You have tough skin. (AC +1)
You have a pair of horns on your head.
You have a somewhat thin skeletal structure. (Dex +2, Stealth+)
You are agile. (Dex +4, Str/Int -1)
Your mind is acute. (Int +4, Str/Dex -1)
You are somewhat resistant to further mutation.
Your rubbery body absorbs attacks. (AC +1, EV +1)
Armour fits poorly on your pseudopods.
Your transparent skin significantly reduces your foes' accuracy. (Stealth+)
You have a small jelly attached to you that senses nearby items.


Message History

You kill the red draconian!
The white draconian hits you with a +0 hand axe!
The yellow draconian annihilator closely misses you.
The purple draconian breathes dispelling energy at you.
The bolt of dispelling energy hits you!!
You feel strangely stable.
* * * LOW HITPOINT WARNING * * *
The black draconian breathes lightning at you.
The bolt of lightning hits you! You resist.
* * * LOW HITPOINT WARNING * * *
The bolt of lightning misses you.
The yellow draconian annihilator spits acid at you.
The glob of acid hits you! You resist.
* * * LOW HITPOINT WARNING * * *
Okay, then.
Unknown command.
The white draconian attacks as you move away!
The white draconian completely misses you.
The purple draconian attacks as you move away!
The purple draconian misses you.
You feel sick.
Unknown command.
As you read the scroll of teleportation, it crumbles to dust.
You feel strangely unstable.
You feel the Orb delaying your translocation!
You feel sick.
The white draconian breathes frost at you.
The blast of cold hits you! You resist.
* * * LOW HITPOINT WARNING * * *
The purple draconian is engulfed in blazing flames.
You feel better.
The yellow draconian annihilator gestures wildly while chanting.
The yellow draconian annihilator blinks!
The white draconian barely misses you.
The black draconian hits you but does no damage.
The purple draconian hits you but does no damage.
The green draconian monk is engulfed in blazing flames.
The green draconian monk hits you!!
* * * LOW HITPOINT WARNING * * *
The green draconian monk kicks you!
You die...

#######
###################
......#
#.dq.....>......)).
......#
#.@d.......≈≈≈≈≈≈≈≈
......######
#.qd.......≈#######
......'....#
#..........≈#
......####.#
#..........≈#
......# #.#
#q.........≈#
......# #.#
#...§[.....≈#
......#
#.####.........§≈#
......#
#....+.........§≈#
......#
#.####........§.≈§≈


You could see a green draconian monk, a black draconian, a purple draconian, a
white draconian (catching breath) and 2 draconians.

Vanquished Creatures
  2 juggernauts
  Sojobo (Vaults:4)
  Margery (Vaults:2)
  Frederick (Vaults:2)
  Saint Roka (Depths:4)
  3 caustic shrikes (Depths:3)
  A curse toe (Zot:2)
  5 golden dragons
  Jory (Depths:3)
  2 electric golems (Zot:2)
  A walking earthen tome (Depths:3)
  5 liches
  The ghost of Cancer the Earth Mage, an adept GrEE of Vehumet (Vaults:2)
  3 tentacled monstrosities
  3 quicksilver dragons
  A walking divine tome (Depths:3)
  2 titans
  4 sphinxes
  5 death cobs
  A shadow dragon (Zot:1)
  Frances (Shoals:2)
  5 tengu reavers
  2 draconian monks
  7 storm dragons
  2 nagarajas
  10 fire giants
  2 draconian knights
  6 frost giants
  3 iron dragons
  Aizul (Snake:1)
  A draconian shifter (Zot:1)
  9 vault wardens
  A draconian scorcher (Zot:1)
  A draconian stormcaller (Zot:1)
  A curse skull (Vaults:3)
  3 orc warlords
  14 ironbound preservers
  2 draconian annihilators (Zot:2)
  8 stone giants
  A caustic shrike skeleton (Depths:3)
  7 very ugly things
  3 spriggan defenders
  A war gargoyle (Vaults:4)
  A vampire knight (Depths:3)
  5 black draconians
  4 minotaurs
  9 red draconians
  A deep elf demonologist (Vaults:4)
  6 yellow draconians
  6 ironbound thunderhulks
  4 green draconians
  6 dire elephants
  A deep elf annihilator (Vaults:4)
  A white draconian (Zot:2)
  7 spark wasps
  3 purple draconians
  8 fire dragons
  2 merfolk impalers
  6 ettins
  A blizzard demon (Depths:2)
  3 crystal guardians (Vaults:4)
  3 merfolk javelineers
  15 yaktaur captains
  24 vault guards
  Fannar (Lair:3)
  4 ice dragons
  5 rakshasas
  4 salamander tyrants
  5 hydras
  2 peacekeepers (Vaults:4)
  2 hell beasts (Depths:4)
  12 anacondas
  An ogre mage (D:15)
  2 alligator snapping turtles
  9 ironbound frosthearts
  5 spriggan air magi
  4 merfolk avatars
  A caustic shrike simulacrum (Depths:3)
  20 centaur warriors
  4 boulder beetles
  A merfolk aquamancer (Shoals:4)
  3 catoblepae
  11 satyrs
  6 deep troll shamans
  9 two-headed ogres
  10 tengu warriors
  11 naga warriors
  A vampire mage (Vaults:3)
  Urug (Lair:5)
  7 deep troll earth magi
  17 naga sharpshooters
  An orc high priest (Orc:2)
  9 shock serpents
  2 titan zombies
  19 hell knights
  5 spriggan berserkers (Depths:2)
  A soul eater (Depths:4)
  3 thrashing horrors (Lair:5)
  7 salamander mystics
  A sun demon (Depths:2)
  A titan skeleton (Depths:2)
  7 iron trolls
  4 skeletal warriors
  50 deep trolls
  13 sea snakes
  8 naga ritualists
  A flayed ghost (D:15)
  2 large abominations (Lair:5)
  A shadow dragon zombie (Depths:1)
  8 lindwurms
  6 orc knights
  A tengu zombie (Depths:3)
  13 wizards
  A spriggan simulacrum (Depths:3)
  15 harpies
  13 necromancers
  11 ironbound convokers
  3 deep elf pyromancers
  4 cyclopes
  28 fauns
  23 salamanders
  17 mana vipers
  A cyclops (shapeshifter) (Lair:5)
  16 manticores
  8 moths of wrath
  57 ugly things
  5 orc sorcerers (Orc:2)
  2 stone giant zombies
  An iron dragon skeleton (Depths:3)
  10 elephants
  4 water nymphs
  A stone giant skeleton (D:15)
  A fire giant skeleton (Depths:1)
  6 guardian serpents
  7 merfolk sirens
  18 naga magi
  43 black mambas
  2 smoke demons (Lair:5)
  9 vault sentinels
  A gargoyle (D:12)
  2 ice statues (IceCv)
  16 cane toads
  2 kobold demonologists (D:14)
  An unseen horror (D:11)
  25 yaktaurs
  3 rime drakes
  2 efreet
  4 komodo dragons
  3 ice devils
  2 ancient zymes (Lair:5)
  A hellwing (Depths:2)
  9 tengu conjurers
  A freezing wraith (D:14)
  3 trolls
  A guardian mummy (D:15)
  26 merfolk
  A hornet (D:7)
  A meliai (D:9)
  7 wind drakes
  Grinder (D:3)
  3 polar bears
  A wind drake (shapeshifter) (Lair:5)
  21 blink frogs
  Prince Ribbit (D:8)
  2 dream sheep (Shoals:1)
  An iron dragon simulacrum (Depths:1)
  A stone giant simulacrum (Depths:1)
  A frost giant simulacrum (Vaults:4)
  A spriggan zombie (D:15)
  6 spriggans
  A flying skull (Vaults:3)
  4 water elementals
  11 snapping turtles
  A centaur simulacrum (D:15)
  2 shadows (D:11)
  2 vampires
  4 wyverns
  7 humans (Bailey)
  3 wraiths
  A yak (shapeshifter) (D:15)
  3 chaos spawn
  3 basilisks
  A steam dragon (D:9)
  31 yaks
  5 vampire mosquitoes
  2 glowing shapeshifter zombies
  A human zombie (Depths:2)
  9 wargs
  4 acid dragons
  30 nagas
  2 glowing shapeshifter skeletons (Depths:1)
  A naga (shapeshifter) (D:9)
  11 water moccasins
  2 black bears (D:5)
  2 human skeletons
  5 great orb of eyes simulacra (IceCv)
  27 orc warriors
  A sky beast (D:7)
  3 ogres
  A centaur (D:7)
  9 wolves
  4 slime creature simulacra (IceCv)
  A phantom (D:5)
  4 kobold brigands
  17 bullfrogs
  An elf zombie (Ossuary)
  3 glowing shapeshifter simulacra
  A scorpion (D:6)
  5 wights (D:8)
  5 killer bees (D:7)
  6 howler monkeys
  7 electric eels
  10 small abominations (Lair:5)
  3 hounds
  Crazy Yiuf (D:3)
  25 orc priests
  8 jellies
  An iguana (D:4)
  30 orc wizards
  2 shapeshifter simulacra (IceCv)
  2 mummies (Ossuary)
  13 adders
  8 gnolls
  A shadow imp (D:6)
  3 white imps
  An ufetubus (D:6)
  3 worms
  3 dart slugs
  73 orcs
  14 ball pythons
  10 endoplasms
  3 giant cockroaches
  5 gnoll zombies (Ossuary)
  22 goblins
  17 hobgoblins
  2 jackals (D:4)
  32 kobolds
  2 quokkas
  2 bats (D:1)
  4 frilled lizards
  3 goblin zombies (Ossuary)
  2 hobgoblin zombies (Ossuary)
  3 orc zombies (Ossuary)
  8 rats
1587 creatures vanquished.

Vanquished Creatures (collateral kills)
  A sphinx (Vaults:4)
  A vault warden (Vaults:4)
  A naga warrior (Snake:3)
  2 satyrs
  A hell knight (Depths:2)
  3 fauns (Shoals:3)
  A merfolk siren (Shoals:3)
10 creatures vanquished.

Vanquished Creatures (others)
  3 acid blobs
  A walking divine tome (Depths:2)
  A sphinx (Shoals:4)
  An azure jelly (Depths:3)
  A frost giant (Depths:3)
  A fire giant (Depths:2)
  An ironbound preserver (Vaults:2)
  An ironbound thunderhulk (Vaults:1)
  2 very ugly things
  A fire dragon (Depths:2)
  3 great orbs of eyes
  2 anacondas (Snake:1)
  A centaur warrior (Vaults:2)
  3 glowing orange brains
  A spriggan berserker (Depths:2)
  A hell knight (Depths:1)
  A sea snake (Shoals:3)
  A lindwurm (Vaults:3)
  2 ironbound convokers (Vaults:2)
  A wizard (Vaults:2)
  A necromancer (Depths:2)
  A faun (shapeshifter) (Depths:2)
  A manticore (shapeshifter) (Lair:5)
  A faun (Shoals:1)
  A cyclops (D:13)
  A merfolk siren (Shoals:3)
  A guardian serpent (Snake:1)
  2 black mambas (Snake:1)
  A moth of wrath (shapeshifter) (Depths:2)
  2 naga magi (Snake:1)
  3 vault sentinels (Vaults:2)
  3 yaktaurs (Vaults:1)
  34 slime creatures
  A queen bee (shapeshifter) (Depths:4)
  A spriggan (Lair:4)
  A wyvern (Lair:5)
  2 vampire mosquitoes
  A water moccasin (Lair:5)
  A great orb of eyes simulacrum (IceCv)
  171 jellies
  An orc priest (Orc:1)
  3 orc wizards
  A shapeshifter simulacrum (IceCv)
  7 orcs
  A hobgoblin (D:4)
  48 fungi
  A lurking horror (Slime:4)
  110 plants
  21 withered plants
452 creatures vanquished.

Grand Total: 2049 creatures vanquished

Notes
Turn   | Place    | Note
-------+----------+-------------------------------------------
     0 | D:1      | qeuew the Troll Monk began the quest for the Orb.
     0 | D:1      | Reached XP level 1. HP: 22/22 MP: 0/0
   305 | D:1      | Reached XP level 2. HP: 29/29 MP: 1/1
   892 | D:2      | Reached XP level 3. HP: 36/36 MP: 2/2
  1054 | D:2      | Reached skill level 4 in Unarmed Combat
  1367 | D:2      | Reached XP level 4. HP: 44/44 MP: 3/3
  1548 | D:2      | Identified a scroll of acquirement
  1548 | D:2      | Acquired 397 gold pieces
  1693 | D:3      | Noticed Grinder
  1701 | D:3      | Killed Grinder
  1702 | D:3      | Reached skill level 5 in Unarmed Combat
  1702 | D:3      | Reached XP level 5. HP: 28/53 MP: 4/4
  1702 | D:3      | Reached XP level 6. HP: 32/61 MP: 5/5
  2495 | D:3      | Found a runed translucent door.
  2496 | D:3      | Noticed Crazy Yiuf
  2789 | D:3      | Killed Crazy Yiuf
  2794 | D:3      | Identified the +9 hammer of Jaumubap {spect, *Rage Dex+7}
  3077 | D:4      | Reached skill level 6 in Unarmed Combat
  3077 | D:4      | Reached XP level 7. HP: 50/68 MP: 6/6
  3584 | D:5      | Entered Level 5 of the Dungeon
  4054 | D:5      | Reached skill level 7 in Unarmed Combat
  4342 | D:5      | Reached XP level 8. HP: 77/79 MP: 7/7
  4671 | D:5      | Identified the +10 spear of Satyriasis {speed, rPois}
  4986 | D:6      | Found a sand-covered staircase.
  4997 | Ossuary  | Entered an ossuary
  5069 | Ossuary  | Reached skill level 8 in Unarmed Combat
  5230 | D:6      | Reached skill level 5 in Fighting
  5230 | D:6      | Reached skill level 5 in Dodging
  5401 | D:6      | Found a hazy altar of Hepliaklqana.
  5535 | D:6      | Found Kuil's Specific Store.
  5536 | D:6      | Found Getren's General Store.
  5543 | D:6      | Bought the +4 troll leather armour of the Butcher {Rampage
                  | rElec Regen+ Int+3 Dex-3} for 637 gold pieces
  6037 | D:7      | Found a staircase to the Ecumenical Temple.
  6078 | Temple   | Entered the Ecumenical Temple
  6099 | Temple   | Became a worshipper of the Shining One
  6099 | Temple   | Reached * piety under the Shining One
  6099 | Temple   | Reached ** piety under the Shining One
  6265 | D:7      | Reached XP level 9. HP: 82/88 MP: 8/8
  6276 | D:7      | Reached skill level 1 in Evocations
  6279 | D:7      | Reached skill level 1 in Invocations
  6284 | D:7      | Reached skill level 9 in Unarmed Combat
  6747 | D:8      | Identified the ring "Epsem" {Str+6 Dex+4}
  7002 | D:8      | Noticed Prince Ribbit
  7011 | D:8      | Killed Prince Ribbit
  7050 | D:8      | Noticed a two-headed ogre
  7075 | D:8      | Killed a two-headed ogre
  7076 | D:8      | Reached skill level 10 in Unarmed Combat
  7301 | D:8      | Reached XP level 10. HP: 97/98 MP: 11/11
  7552 | D:9      | Noticed a catoblepas
  7568 | D:9      | Killed a catoblepas
  7854 | D:9      | Identified the +5 hand axe of Callousness {vorpal, Dex+2}
  8115 | D:9      | Found a burning altar of Makhleb.
  8119 | D:9      | Found a shadowy altar of Dithmenos.
  8125 | D:9      | Noticed a four-headed hydra
  8125 | D:9      | Reached *** piety under the Shining One
  8134 | D:9      | Killed a ten-headed hydra
  8231 | D:9      | Noticed a deep elf pyromancer
  8235 | D:9      | Noticed a deep elf pyromancer
  8237 | D:9      | Killed a deep elf pyromancer
  8238 | D:9      | Reached skill level 11 in Unarmed Combat
  8242 | D:9      | Killed a deep elf pyromancer
  8437 | D:10     | Entered Level 10 of the Dungeon
  8471 | D:10     | Found a flagged portal.
  8506 | Bailey   | Entered a bailey
  8567 | Bailey   | Reached XP level 11. HP: 107/107 MP: 13/13
  8592 | Bailey   | Noticed a vault guard
  8604 | Bailey   | Killed a vault guard
  8664 | Bailey   | Noticed a vault guard
  8674 | Bailey   | Killed a vault guard
  9082 | D:10     | Reached skill level 5 in Invocations
  9176 | D:10     | Noticed a two-headed ogre
  9182 | D:10     | Killed a two-headed ogre
  9183 | D:10     | Reached skill level 12 in Unarmed Combat
  9578 | D:11     | Noticed a skeletal warrior
  9589 | D:11     | Noticed a skeletal warrior
  9594 | D:11     | Killed a skeletal warrior
  9594 | D:11     | Noticed a skeletal warrior
  9668 | D:11     | Killed a skeletal warrior
  9674 | D:11     | Killed a skeletal warrior
  9739 | D:11     | Reached XP level 12. HP: 119/119 MP: 15/15
  9799 | D:11     | Reached skill level 5 in Evocations
  9803 | D:11     | Found a staircase to the Orcish Mines.
 10098 | D:11     | Reached **** piety under the Shining One
 10122 | D:11     | Found a staircase to the Lair.
 10249 | Lair:1   | Entered Level 1 of the Lair of Beasts
 10389 | Lair:1   | Reached skill level 13 in Unarmed Combat
 11069 | Lair:2   | Found a staircase to the Snake Pit.
 11509 | Lair:2   | Noticed a five-headed hydra
 11521 | Lair:2   | Killed a six-headed hydra
 11891 | Lair:3   | Noticed Fannar
 11905 | Lair:3   | Killed Fannar
 11925 | Lair:3   | Reached XP level 13. HP: 49/128 MP: 17/17
 11938 | Lair:3   | Reached skill level 14 in Unarmed Combat
 11946 | Lair:3   | HP: 6/128 [blink frog (15)]
 12359 | Lair:3   | Found a staircase to the Shoals.
 13075 | Lair:4   | Found a staircase to the Slime Pits.
 13075 | Lair:4   | Found a viscous altar of Jiyva.
 13172 | Lair:4   | Fell from the grace of the Shining One
 13172 | Lair:4   | Became a worshipper of Jiyva Jiser the Shapeless
 13261 | Lair:4   | Reached * piety under Jiyva
 13975 | Lair:4   | Gained mutation: You have hidden genetic potential. [potion
                  | of mutation]
 13975 | Lair:4   | Gained mutation: Your movements are slightly less
                  | encumbered by armour. (ER -2) [potion of mutation]
 13975 | Lair:4   | Gained mutation: You passively map a small area around you.
                  | [potion of mutation]
 14006 | Lair:5   | Entered Level 5 of the Lair of Beasts
 14151 | Lair:5   | Noticed Urug
 14163 | Lair:5   | Killed Urug
 14339 | Lair:5   | Reached ** piety under Jiyva
 14473 | Lair:5   | Reached skill level 15 in Unarmed Combat
 14744 | Lair:5   | Reached XP level 14. HP: 26/140 MP: 19/19
 15209 | Lair:5   | Found a corrupted altar of Lugonu.
 15209 | Lair:5   | Found a one-way gate to the infinite horrors of the Abyss.
 15419 | Slime:1  | Entered Level 1 of the Pits of Slime
 15420 | Slime:1  | Noticed a quicksilver ooze
 15421 | Slime:1  | Noticed a quicksilver ooze
 15429 | Slime:2  | Noticed a rockslime
 15489 | Slime:2  | Noticed an acid blob
 15498 | Slime:4  | Noticed an acid blob
 15545 | Slime:4  | Noticed a quicksilver ooze
 15558 | Slime:4  | Noticed an azure jelly
 15573 | Slime:5  | Entered Level 5 of the Pits of Slime
 15578 | Slime:5  | Noticed an acid blob
 15582 | Slime:5  | Noticed a quicksilver ooze
 15586 | Slime:5  | Noticed a quicksilver ooze
 15588 | Slime:5  | Noticed an acid blob
 15594 | Slime:5  | Noticed an acid blob
 15594 | Slime:5  | Noticed an acid blob
 15609 | Slime:5  | Noticed the Royal Jelly
 15609 | Slime:5  | Noticed an acid blob
 15611 | Slime:5  | Found a viscous altar of Jiyva.
 15632 | Slime:5  | Noticed an azure jelly
 15633 | Slime:5  | Noticed an acid blob
 16091 | D:12     | Reached *** piety under Jiyva
 16321 | Orc:1    | Entered Level 1 of the Orcish Mines
 16464 | Orc:2    | Entered Level 2 of the Orcish Mines
 16477 | Orc:2    | Lost mutation: Your movements are slightly less encumbered
                  | by armour. (ER -2) [Jiyva's grace]
 16477 | Orc:2    | Gained mutation: Your rubbery body absorbs attacks. (AC +1,
                  | EV +1) [Jiyva's grace]
 16477 | Orc:2    | Gained mutation: Your pliable body absorbs attacks. (AC +2,
                  | EV +2) [Jiyva's grace]
 16477 | Orc:2    | Gained mutation: Your gelatinous body deflects attacks. (AC
                  | +3, EV +3) [Jiyva's grace]
 16477 | Orc:2    | Gained mutation: You are strong-willed. (Will+) [Jiyva's
                  | grace]
 16513 | Orc:2    | Found a gate leading to a gauntlet.
 16522 | Gauntlet | Entered a Gauntlet
 16522 | Gauntlet | Found a transporter.
 16522 | Gauntlet | Found a transporter.
 16523 | Gauntlet | Found a transporter.
 16549 | Gauntlet | Reached **** piety under Jiyva
 16550 | Gauntlet | Found a transporter.
 16553 | Gauntlet | Identified the ring "Sino" {rCorr Dex+6}
 16562 | Gauntlet | Noticed a quicksilver ooze
 16571 | Gauntlet | Found a transporter.
 16581 | Gauntlet | Found a transporter.
 16596 | Gauntlet | Identified the +9 trident of the Trees {elec, Int+3}
 16613 | Gauntlet | Identified the +1 leather armour of Ruus {Str+3}
 16617 | Gauntlet | Got the Codex of Orientation
 16682 | Orc:1    | Noticed an orc warlord
 16830 | Orc:2    | Found a staircase to the Elven Halls.
 16884 | Orc:2    | Gained mutation: Your flesh is heat resistant. (rF+)
                  | [hidden potential]
 17100 | Orc:2    | Found Mecuimag's Assorted Antiques.
 17100 | Orc:2    | Found Vesaizos's Antique Weapon Shop.
 17101 | Orc:2    | Found Boisaoclo's Book Shop.
 17108 | Orc:2    | Found Kioho's Antique Weapon Boutique.
 17497 | Orc:1    | Killed an orc warlord
 17600 | D:13     | Reached ***** piety under Jiyva
 17643 | D:13     | Found a frozen archway.
 17662 | IceCv    | Entered an ice cave
 17859 | IceCv    | Noticed a quicksilver ooze
 17860 | IceCv    | Noticed an azure jelly
 17863 | IceCv    | Found a viscous altar of Jiyva.
 17872 | IceCv    | Found the +3 salamander hide armour {Flames rF++ rC--}
 17880 | IceCv    | Identified the ring of Jodeuj {rF++ rC+ Dex+4 Stlth+}
 18015 | D:13     | Lost mutation: You have hidden genetic potential. [Jiyva's
                  | grace]
 18015 | D:13     | Gained mutation: You are somewhat resistant to further
                  | mutation. [Jiyva's grace]
 18015 | D:13     | Gained mutation: You are somewhat resistant to both further
                  | mutation and mutation removal. [Jiyva's grace]
 18015 | D:13     | Gained mutation: You are almost entirely resistant to
                  | further mutation and mutation removal. [Jiyva's grace]
 18015 | D:13     | Gained mutation: A frigid envelope surrounds you and
                  | freezes all who hurt you. [Jiyva's grace]
 18325 | D:13     | Reached skill level 16 in Unarmed Combat
 18663 | D:14     | Reached skill level 10 in Fighting
 18663 | D:14     | Reached skill level 10 in Dodging
 18673 | D:14     | Found a gate to the Vaults.
 18930 | D:14     | Reached XP level 15. HP: 137/149 MP: 20/20
 19349 | D:15     | Entered Level 15 of the Dungeon
 19483 | Shoals:1 | Entered Level 1 of the Shoals
 19483 | Shoals:1 | Lost mutation: Your gelatinous body deflects attacks. (AC
                  | +3, EV +3) [Jiyva's grace]
 19483 | Shoals:1 | Gained mutation: Armour fits poorly on your pseudopods.
                  | [Jiyva's grace]
 19483 | Shoals:1 | Gained mutation: Armour fits poorly on your large
                  | pseudopods. [Jiyva's grace]
 19483 | Shoals:1 | Gained mutation: Armour fits poorly on your massive
                  | pseudopods. [Jiyva's grace]
 19483 | Shoals:1 | Gained mutation: You heal very quickly. [Jiyva's grace]
 19490 | Shoals:1 | Identified the +0 flail of the Big Bang {protect, rPois
                  | Str+4 Int+4}
 19525 | Shoals:1 | Found Urphi's Antique Armour Boutique.
 19551 | Shoals:1 | Found a flickering gateway to a bazaar.
 19577 | Bazaar   | Entered a bazaar
 19590 | Bazaar   | Found Meptoh's Jewellery Emporium.
 19590 | Bazaar   | Found Circh's Magic Scroll Shoppe.
 19736 | Shoals:1 | Reached ****** piety under Jiyva
 19795 | Shoals:1 | Found Joonumas's Distillery.
 19819 | Shoals:1 | Bought a potion of heal wounds for 100 gold pieces
 19819 | Shoals:1 | Bought a potion of curing for 60 gold pieces
 19819 | Shoals:1 | Bought a potion of curing for 60 gold pieces
 19819 | Shoals:1 | Bought 2 potions of haste for 400 gold pieces
 19867 | Shoals:1 | Reached skill level 17 in Unarmed Combat
 19919 | Shoals:1 | Found a runed translucent gate.
 19920 | Shoals:1 | Found a runed translucent gate.
 19921 | Shoals:1 | Found a runed translucent gate.
 19922 | Shoals:1 | Noticed Tagont's ghost (adept DsGl)
 19959 | Shoals:1 | Found Jiriy's Book Boutique.
 20479 | Shoals:2 | Noticed Frances
 20490 | Shoals:2 | Killed Frances
 20637 | Shoals:2 | Reached skill level 10 in Invocations
 20842 | Shoals:3 | Found Nyumiy's Weapon Shop.
 20854 | Shoals:3 | Found Jouxeat's Magic Scroll Shoppe.
 20931 | Shoals:3 | Found Axtitel's Weapon Shop.
 20979 | Shoals:3 | Noticed Louise
 20983 | Shoals:3 | Slimified Louise
 20983 | Shoals:3 | Louise changed into Louise the slime creature
 20983 | Shoals:3 | Noticed Louise
 21057 | Shoals:3 | Killed Louise the slime creature
 21130 | Shoals:4 | Entered Level 4 of the Shoals
 21150 | Shoals:3 | Reached XP level 16. HP: 71/162 MP: 22/22
 21403 | Shoals:4 | Reached skill level 18 in Unarmed Combat
 21482 | Shoals:4 | Noticed a sphinx
 21495 | Shoals:4 | Killed a sphinx
 21595 | Shoals:4 | Got a barnacled rune of Zot
 21643 | Shoals:4 | Lost mutation: You are almost entirely resistant to further
                  | mutation and mutation removal. [Jiyva's grace]
 21643 | Shoals:4 | Lost mutation: A frigid envelope surrounds you and freezes
                  | all who hurt you. [Jiyva's grace]
 21643 | Shoals:4 | Lost mutation: You heal very quickly. [Jiyva's grace]
 21643 | Shoals:4 | Lost mutation: Armour fits poorly on your massive
                  | pseudopods. [Jiyva's grace]
 21643 | Shoals:4 | Lost mutation: Armour fits poorly on your large pseudopods.
                  | [Jiyva's grace]
 21643 | Shoals:4 | Gained mutation: Your mind is acute. (Int +4, Str/Dex -1)
                  | [Jiyva's grace]
 21643 | Shoals:4 | Gained mutation: Your mind is very acute. (Int +8, Str/Dex
                  | -2) [Jiyva's grace]
 21643 | Shoals:4 | Gained mutation: You expend magic power (3 MP) to
                  | strengthen your wands. [Jiyva's grace]
 21643 | Shoals:4 | Gained mutation: You have acidic saliva. [Jiyva's grace]
 21912 | Slime:5  | Noticed an acid blob
 21944 | Slime:5  | Got a slimy rune of Zot
 22181 | Vaults:1 | Entered Level 1 of the Vaults
 22302 | Vaults:1 | Found Viegotz's Weapon Shop.
 22516 | Vaults:1 | Noticed a sphinx
 22534 | Vaults:1 | Killed a sphinx
 22555 | Vaults:1 | Reached XP level 17. HP: 96/172 MP: 24/24
 22697 | D:15     | Reached skill level 19 in Unarmed Combat
 22819 | D:15     | Found a staircase to the Depths.
 23647 | Snake:1  | Entered Level 1 of the Snake Pit
 23727 | Snake:1  | an anaconda changed into an acid blob
 23727 | Snake:1  | Noticed an acid blob
 23806 | Snake:1  | Noticed Aizul
 23819 | Snake:1  | Killed Aizul
 23867 | Snake:1  | Killed an acid blob
 24168 | Snake:1  | Reached skill level 10 in Evocations
 24364 | Snake:1  | Identified the +0 ring mail of Elyvilon's Outrage {Regen+
                  | MP+9}
 24381 | Snake:1  | Lost mutation: Your pliable body absorbs attacks. (AC +2,
                  | EV +2) [Jiyva's grace]
 24381 | Snake:1  | Gained mutation: You have supernaturally acute eyesight.
                  | (SInv) [Jiyva's grace]
 24381 | Snake:1  | Gained mutation: You have a pair of small horns on your
                  | head. [Jiyva's grace]
 24381 | Snake:1  | Gained mutation: You have a pair of horns on your head.
                  | [Jiyva's grace]
 24381 | Snake:1  | Gained mutation: You have a pair of large horns on your
                  | head. [Jiyva's grace]
 26247 | Snake:3  | Got the Omnibus of Evil
 26322 | Snake:3  | Reached XP level 18. HP: 166/183 MP: 26/26
 26378 | Snake:3  | Lost mutation: You have a pair of large horns on your head.
                  | [Jiyva's grace]
 26378 | Snake:3  | Lost mutation: You are strong-willed. (Will+) [Jiyva's
                  | grace]
 26378 | Snake:3  | Lost mutation: You are somewhat resistant to both further
                  | mutation and mutation removal. [Jiyva's grace]
 26378 | Snake:3  | Gained mutation: You are agile. (Dex +4, Str/Int -1)
                  | [Jiyva's grace]
 26378 | Snake:3  | Gained mutation: You are very agile. (Dex +8, Str/Int -2)
                  | [Jiyva's grace]
 26378 | Snake:3  | Gained mutation: You are partially covered in iridescent
                  | scales. (AC +2) [Jiyva's grace]
 26378 | Snake:3  | Gained mutation: You are mostly covered in iridescent
                  | scales. (AC +4) [Jiyva's grace]
 26536 | Snake:3  | Noticed Vashnia
 26546 | Snake:3  | Slimified Vashnia
 26546 | Snake:3  | Vashnia changed into Vashnia the acid blob
 26546 | Snake:3  | Noticed Vashnia
 26553 | Snake:3  | Reached skill level 20 in Unarmed Combat
 26966 | Snake:4  | Entered Level 4 of the Snake Pit
 27143 | Snake:4  | Found Axur's Armour Shop.
 28003 | Snake:4  | Got a serpentine rune of Zot
 28153 | Snake:4  | Found Roqoehe's Armour Boutique.
 28311 | Snake:4  | Found Bamus's Antique Weapon Emporium.
 28412 | Snake:4  | Found Huhiess's Antique Armour Boutique.
 28727 | Depths:1 | Entered Level 1 of the Depths
 28786 | Depths:1 | HP: 9/184 [ice dragon/blast of cold (62)]
 28967 | Depths:1 | Found a radiant altar of Vehumet.
 29011 | Depths:1 | Found a stormy altar of Qazlal.
 29309 | Depths:1 | Found a gateway to Hell.
 29314 | Hell     | Entered the Vestibule of Hell
 29314 | Hell     | Noticed Geryon
 29353 | Depths:1 | Identified the +0 leather armour "Waukh" {rElec rC+ Str+2
                  | Int-5}
 29557 | Depths:1 | Lost mutation: You are very agile. (Dex +8, Str/Int -2)
                  | [Jiyva's grace]
 29557 | Depths:1 | Lost mutation: Your mind is very acute. (Int +8, Str/Dex
                  | -2) [Jiyva's grace]
 29557 | Depths:1 | Lost mutation: You have acidic saliva. [Jiyva's grace]
 29557 | Depths:1 | Lost mutation: Armour fits poorly on your pseudopods.
                  | [Jiyva's grace]
 29557 | Depths:1 | Gained mutation: You heal very quickly. [Jiyva's grace]
 29557 | Depths:1 | Gained mutation: You regenerate. [Jiyva's grace]
 29557 | Depths:1 | Gained mutation: Your pliable body absorbs attacks. (AC +2,
                  | EV +2) [Jiyva's grace]
 29557 | Depths:1 | Gained mutation: Your gelatinous body deflects attacks. (AC
                  | +3, EV +3) [Jiyva's grace]
 29591 | Depths:1 | Found a portal to a secret trove of treasure.
 29644 | Depths:2 | Noticed a juggernaut
 29653 | Depths:2 | Slimified a juggernaut
 29653 | Depths:2 | a juggernaut changed into an acid blob
 29667 | Depths:1 | Reached skill level 21 in Unarmed Combat
 29680 | Depths:2 | Reached XP level 19. HP: 145/193 MP: 27/27
 29690 | Depths:2 | Noticed a juggernaut
 29740 | Depths:1 | Killed a juggernaut
 30310 | Depths:1 | You paid a toll of a +5 demon trident to enter a treasure
                  | trove
 30311 | Trove    | Entered a treasure trove
 30320 | Trove    | Identified the +1 robe "Coipis" {Harm}
 30331 | Trove    | Identified the +9 longbow "Xiogros" {antimagic, Stlth+}
 30380 | Depths:2 | Found a one-way gate leading to the halls of Pandemonium.
 30851 | Depths:2 | Found an ancient bone altar of Kikubaaqudgha.
 31273 | Depths:3 | You fall into a shaft and drop 1 floor!
 31273 | Depths:4 | Entered Level 4 of the Depths
 31273 | Depths:4 | Noticed a golden dragon
 31273 | Depths:4 | Found a gate to the Realm of Zot.
 31285 | Depths:4 | Killed a golden dragon
 31353 | Depths:4 | HP: 4/195 [iron troll (10)]
 31483 | Depths:4 | Lost mutation: You have a pair of horns on your head.
                  | [Jiyva's grace]
 31483 | Depths:4 | Lost mutation: You are mostly covered in iridescent scales.
                  | (AC +4) [Jiyva's grace]
 31483 | Depths:4 | Lost mutation: You are partially covered in iridescent
                  | scales. (AC +2) [Jiyva's grace]
 31483 | Depths:4 | Lost mutation: You have supernaturally acute eyesight.
                  | (SInv) [Jiyva's grace]
 31483 | Depths:4 | Lost mutation: Your gelatinous body deflects attacks. (AC
                  | +3, EV +3) [Jiyva's grace]
 31483 | Depths:4 | Gained mutation: Your melee attacks may engulf your foes in
                  | ooze. [Jiyva's grace]
 31483 | Depths:4 | Gained mutation: You have a pair of horns on your head.
                  | [Jiyva's grace]
 31483 | Depths:4 | Gained mutation: You have a pair of large horns on your
                  | head. [Jiyva's grace]
 31483 | Depths:4 | Gained mutation: You are strong-willed. (Will+) [Jiyva's
                  | grace]
 31822 | Depths:3 | Noticed a juggernaut
 31823 | Depths:3 | Noticed Jory
 31825 | Depths:3 | Noticed a caustic shrike
 31857 | Depths:3 | Killed Jory
 31865 | Depths:3 | Slimified a juggernaut
 31865 | Depths:3 | a juggernaut changed into an acid blob
 31882 | Depths:3 | Killed a caustic shrike
 31886 | Depths:3 | Noticed a caustic shrike
 31897 | Depths:3 | Killed a caustic shrike
 31898 | Depths:3 | Reached skill level 22 in Unarmed Combat
 31906 | Depths:3 | Reached XP level 20. HP: 43/205 MP: 29/29
 31955 | Depths:3 | Noticed a caustic shrike
 31967 | Depths:3 | Killed a caustic shrike
 32003 | Depths:3 | Found a one-way gateway to a ziggurat.
 32111 | Depths:3 | Identified the +1 robe of Hairiness {Fly}
 32149 | Depths:3 | Noticed a golden dragon
 32162 | Depths:3 | Killed a golden dragon
 32287 | Depths:3 | Noticed an ancient lich
 32312 | Depths:3 | Slimified an ancient lich
 33654 | Vaults:2 | Lost mutation: You have a pair of large horns on your head.
                  | [Jiyva's grace]
 33654 | Vaults:2 | Lost mutation: You expend magic power (3 MP) to strengthen
                  | your wands. [Jiyva's grace]
 33654 | Vaults:2 | Gained mutation: Armour fits poorly on your pseudopods.
                  | [Jiyva's grace]
 33654 | Vaults:2 | Gained mutation: Armour fits poorly on your large
                  | pseudopods. [Jiyva's grace]
 33654 | Vaults:2 | Gained mutation: Armour fits poorly on your massive
                  | pseudopods. [Jiyva's grace]
 33654 | Vaults:2 | Gained mutation: You have a small jelly attached to you
                  | that senses nearby items. [Jiyva's grace]
 33654 | Vaults:2 | Noticed Frederick
 33659 | Vaults:2 | Killed Frederick
 34198 | Vaults:2 | Noticed Margery
 34208 | Vaults:2 | Reached skill level 23 in Unarmed Combat
 34208 | Vaults:2 | Reached XP level 21. HP: 214/215 MP: 30/30
 34215 | Vaults:2 | Killed Margery
 34354 | Vaults:2 | Identified the +3 shortbow "Adan" {speed, rElec}
 34508 | Vaults:2 | HP: 10/215 [orc knight/+0 battleaxe of freezing (7)]
 34545 | Vaults:2 | Found a runed translucent door.
 34552 | Vaults:2 | Noticed Cancer's ghost (adept GrEE)
 34623 | Vaults:2 | Found Lezi's Weapon Shop.
 34855 | Vaults:2 | Killed Cancer's ghost
 35015 | Vaults:3 | Found a staircase to the Crypt.
 35151 | Vaults:3 | You fall into a shaft and drop 1 floor!
 35193 | Vaults:4 | Noticed Sojobo
 35198 | Vaults:4 | Killed Sojobo
 35933 | Vaults:3 | Lost mutation: Your mind is acute. (Int +4, Str/Dex -1)
                  | [Jiyva's grace]
 35933 | Vaults:3 | Lost mutation: You passively map a small area around you.
                  | [Jiyva's grace]
 35933 | Vaults:3 | Lost mutation: You regenerate. [Jiyva's grace]
 35933 | Vaults:3 | Lost mutation: Your melee attacks may engulf your foes in
                  | ooze. [Jiyva's grace]
 35933 | Vaults:3 | Gained mutation: Your mind is acute. (Int +4, Str/Dex -1)
                  | [Jiyva's grace]
 35933 | Vaults:3 | Gained mutation: Your mind is very acute. (Int +8, Str/Dex
                  | -2) [Jiyva's grace]
 35933 | Vaults:3 | Gained mutation: You are covered in thick fur. (AC +2)
                  | [Jiyva's grace]
 35933 | Vaults:3 | Gained mutation: Your thick and shaggy fur keeps you warm.
                  | (AC +3, rC+) [Jiyva's grace]
 36425 | Vaults:4 | Reached skill level 15 in Invocations
 36449 | Vaults:4 | Identified the +11 great sword of Departure {freeze, *Slow
                  | rElec rPois rCorr}
 36484 | Vaults:4 | Found Aniaredd's Book Boutique.
 37065 | Vaults:5 | Entered Level 5 of the Vaults
 37418 | Depths:4 | Reached skill level 15 in Dodging
 37430 | Depths:4 | Reached skill level 15 in Fighting
 37495 | Depths:4 | Noticed Saint Roka
 37530 | Depths:4 | Killed Saint Roka
 37531 | Depths:4 | Reached XP level 22. HP: 103/227 MP: 32/32
 37542 | Depths:4 | Reached skill level 24 in Unarmed Combat
 37882 | Depths:4 | Found a snail-covered altar of Cheibriados.
 37892 | Depths:4 | Lost mutation: Your mind is very acute. (Int +8, Str/Dex
                  | -2) [Jiyva's grace]
 37892 | Depths:4 | Lost mutation: Your flesh is heat resistant. (rF+) [Jiyva's
                  | grace]
 37892 | Depths:4 | Lost mutation: You are strong-willed. (Will+) [Jiyva's
                  | grace]
 37892 | Depths:4 | Lost mutation: Your pliable body absorbs attacks. (AC +2,
                  | EV +2) [Jiyva's grace]
 37892 | Depths:4 | Lost mutation: Armour fits poorly on your massive
                  | pseudopods. [Jiyva's grace]
 37892 | Depths:4 | Lost mutation: Armour fits poorly on your large pseudopods.
                  | [Jiyva's grace]
 37892 | Depths:4 | Gained mutation: Your translucent skin slightly reduces
                  | your foes' accuracy. (Stealth+) [Jiyva's grace]
 37892 | Depths:4 | Gained mutation: Your translucent skin reduces your foes'
                  | accuracy. (Stealth+) [Jiyva's grace]
 37892 | Depths:4 | Gained mutation: Your transparent skin significantly
                  | reduces your foes' accuracy. (Stealth+) [Jiyva's grace]
 37892 | Depths:4 | Gained mutation: You have a somewhat thin skeletal
                  | structure. (Dex +2, Stealth+) [Jiyva's grace]
 38065 | Depths:4 | Noticed a juggernaut
 38076 | Depths:4 | Killed a juggernaut
 38113 | Depths:4 | Found a runed translucent door.
 38114 | Depths:4 | Found a shimmering altar of Xom.
 38114 | Depths:4 | Noticed Mafuddif's ghost (adept HOFi)
 38607 | Zot:1    | Entered Level 1 of the Realm of Zot
 39040 | Zot:1    | Noticed a golden dragon
 39054 | Zot:1    | Killed a golden dragon
 39640 | Zot:1    | Acquired a manual of Dodging
 39692 | Zot:2    | Noticed a golden dragon
 39702 | Zot:2    | Killed a golden dragon
 39757 | Zot:2    | Noticed a golden dragon
 39924 | Zot:2    | Killed a golden dragon
 40316 | Zot:2    | Found a runed translucent door.
 40321 | Zot:2    | Noticed Cayster's ghost (legendary VSBe)
 40506 | Zot:2    | Noticed a curse toe
 40512 | Zot:2    | Killed a curse toe
 40592 | Zot:2    | HP: 9/228 [green draconian monk[a green draconian monk]
                  | (26)]
 40592 | Zot:2    | Slain by a green draconian monk

Illustrated notes

Levels and vault maps discovered:
D:1:      saegor_arrival_simple_a, layout_loops_corners
D:2:      layout_loops_cross, kennysheep_generic_room_9
D:3:      layout_basic, portal_sewer_entry_e, mrwooster_statue_mirror,
          minmay_between, uniq_crazy_yiuf_cottage, uniq_grinder
D:4:      layout_loops_ring, kennysheep_small_spiral
D:5:      corexii_shantytown, layout_basic, dreamdust_princess_bridge,
          kennysheep_big_empty_room, minmay_strange_pillars
D:6:      layout_loops_ring, nzn_hepliaklqana_mist_gate, enter_ossuary_1,
          nicolae_specific_store, minmay_misc_feat_diagonals
D:7:      layout_basic, temple_fountains
D:8:      layout_basic, serial_corexii_hall, corexii_hall_statues_i,
          corexii_hall_statues_s, uniq_prince_ribbit1
D:9:      minmay_diamond_stairs, layout_irregular_city,
          nicolae_overflow_hidden_temple
D:10:     layout_cave_pods, enter_bailey_5
D:11:     layout_basic, orc_0_dummy
D:12:     layout_long_grid
D:13:     layout_basic, portal_ice_cave_demonic_guard, grunt_ministairs_3
D:14:     layout_irregular_city, erik_vaults_2, minmay_misc_feat_enclosed
D:15:     gammafunk_depths_entry_grave, layout_loops_cross, minivault_26,
          serial_aquarium, aquarium_bridge_square [aquarium_subvault_bridge,
          aquarium_subvault_bridge, aquarium_subvault_wall,
          aquarium_subvault_wall], aquarium_window_fake, aquarium_window_1,
          aquarium_window_2, aquarium_view_2b, aquarium_balcony_double_1
Temple:   hellmonk_temple_of_storms
Lair:1:   layout_roguey
Lair:2:   layout_roguey, dummy_snake_entry, minmay_holes, serial_bayou_ford_a
Lair:3:   layout_layer_cave, minmay_shoals_entry_hut, infiniplex_staircase_pool,
          uniq_fannar
Lair:4:   layout_concentric_octagons, nicolae_slime_entry_slimehenge,
          nicolae_quartered_pool_impasse, wad_woods_01
Lair:5:   hellmonk_lair_end_abyssal_woods, layout_long_grid, uniq_urug
Shoals:1: layout_shoals, serial_shops, bzr_entry_customers,
          nicolae_shop_crystal, nicolae_lakefront_shop,
          nicolae_shop_temple_entry_statues_fountains,
          gammafunk_ghost_tricky_traps
Shoals:2: layout_shoals, uniq_frances
Shoals:3: layout_shoals, serial_shops, shop, nicolae_shop_statue_plus,
          nicolae_shop_crystal, shop, nicolae_shop_trees, uniq_louise
Shoals:4: shoals_end_hellmonk_lost_city
Snake:1:  layout_chambers, hangedman_snake_sidewinding, nicolae_triple_integral,
          uniq_aizul
Snake:2:  layout_gridlike
Snake:3:  layout_grid_maze, nicolae_snake_salamander_fort, serial_bayou_shore_a,
          uniq_vashnia
Snake:4:  snake_pit_salamanders_mu, layout_cave_town, serial_shops,
          nicolae_shop_hallway_stairs, shop_fountains, shop,
          nicolae_shop_advertising_works [nicolae_subvault_shop_adworks]
Slime:1:  layout_caves
Slime:2:  cheibrodos_slime_lost_civilization_8, layout_caves,
          cheibrodos_slime_lost_civilization_6
Slime:3:  layout_caves
Slime:4:  layout_caves, amcnicky_altar_lugonu_corruption
Slime:5
Orc:1:    layout_caves
Orc:2:    st_orc_mages, layout_caves, gauntlet_entry_generic, basic_altar,
          nooodl_orcs_dogs
Vaults:1: v_misc_23, hangedman_vaults_slither, ontoclasm_vaults_twist,
          nicolae_vaults_what_the_h, hangedman_vaults_variations,
          nicolae_vaults_disjoint_gnomons, ontoclasm_vaults_chip,
          nicolae_vaults_network_star, v_misc_14, vaults_dpeg_cross,
          serial_ice_b, layout_vaults_omnibox, serial_shops,
          nicolae_shop_hallway_plus
Vaults:2: hellmonk_ghost_happy_afterlife, nicolae_vaults_big_ls,
          nicolae_vaults_network_barrier, ontoclasm_vaults_decontamination,
          hangedman_vaults_locks, ontoclasm_vaults_hangar, ontoclasm_vaults_eye,
          dpeg_vaults_monster_box, grunt_vaults_twisty,
          ontoclasm_vaults_ring_small, layout_vaults_big_cross, serial_glass,
          serial_shops, shop, uniq_frederick, uniq_margery
Vaults:3: minmay_crypt_entry_simple_corners, v_misc_1,
          nicolae_vaults_shelves_hall, nicolae_vaults_little_squares_4,
          nicolae_vaults_sealed_display, nicolae_vaults_mini_display_case,
          ontoclasm_vaults_hangar, vaults_standard_mumra_x, vaults_room_fours,
          layout_vaults_omnigrid
Vaults:4: ontoclasm_vaults_gateway, grunt_vaults_hallway_long, st_cells,
          nicolae_vaults_three_branches, v_pattern_2, vaults_room_boxed,
          v_rooms_5, ontoclasm_vaults_chip, nicolae_vaults_rhombus_6,
          vaults_mumra_hex, nicolae_vaults_theta, layout_vaults_ring,
          serial_shops, shop, uniq_sojobo
Vaults:5: serial_shops, uniq_boris
Depths:1: layout_basic, pf_hell_entry_great_geh, nicolae_trove_entry_diagonal,
          nicolae_vehumet_radiance, abyss_entry,
          nicolae_qazlal_scattered_showers
Depths:2: minmay_the_grid_square_5x5_4x4 [minmay_the_grid_square_5x5_comb,
          minmay_the_grid_square_5x5_checkered_statues,
          minmay_the_grid_square_5x5_detours, minmay_the_grid_square_5x5_fat_x,
          minmay_the_grid_square_5x5_pentomino_r,
          minmay_the_grid_square_5x5_prize_monsterx,
          minmay_the_grid_square_5x5_prize_snowflake,
          minmay_the_grid_square_5x5_doubleslash,
          minmay_the_grid_square_5x5_one_wall,
          minmay_the_grid_square_5x5_prize_pseudospiral,
          minmay_the_grid_square_5x5_prize_deathbox,
          minmay_the_grid_square_5x5_minimal,
          minmay_the_grid_square_5x5_longway,
          minmay_the_grid_square_5x5_shrine2,
          minmay_the_grid_square_5x5_half_checkered,
          minmay_the_grid_square_5x5_dogpile], layout_cave_shapes,
          rand_demon_pan_entry_5, abyss_entry_small_statue_room,
          minmay_staircase_bubble, pf_coc_iceberg, kiku_gazebo_garden_becter
Depths:3: minmay_tearing_corner, layout_twisted_cross, enter_ziggurat_c,
          hell_entry, abyss_entry, minivault_11, uniq_jory
Depths:4: grunt_zot_entry_hairpin, layout_gridlike, grunt_mini_vestibule,
          ebering_ghost_xom, cheibriados_altar_1, minmay_misc_feat_chi,
          st_stairs_7, uniq_saint_roka
Hell
Zot:1:    layout_cathedral_of_symmetry
Zot:2:    layout_gridlike, ebering_ghost_reflecting_pool, grunt_megastairs_3

Skill      XL: |  1  2  3  4  5  6  7  8  9 10 11 12 13 14 15 16 17 18 19 20 21 22 |
---------------+-------------------------------------------------------------------+-----
Unarmed Combat | 4 5 6 7 8 10 11 12 13 15 16 17 18 19 21 22 23 24 | 24.7
Fighting       | 3 4 5 6 7 8 9 10 11 12 13 14 15 | 15.4
Dodging        | 3 4 5 6 7 8 9 10 11 12 13 14 15 | 15.7
Evocations     | 2 3 4 6 7 8 9 10 11 12 13 | 13.4
Invocations    | 3 4 5 7 8 9 10 11 12 13 14 15 | 15.8
Stealth        | |  1.0

Action                   |  1- 3 |  4- 6 |  7- 9 | 10-12 | 13-15 | 16-18 | 19-21 | 22-24 || total
-------------------------+-------+-------+-------+-------+-------+-------+-------+-------++-------
Melee: Unarmed           |    92 |   157 |   334 |   434 |  1118 |  1327 |  1343 |   377 ||  5182
       Punch             |     2 |     3 |    17 |    48 |   122 |   212 |   286 |    80 ||   770
       Pseudopods        |       |       |       |       |    69 |   384 |   160 |   125 ||   738
       Bite              |       |       |       |       |       |   166 |       |       ||   166
       Headbutt          |       |       |       |       |       |   207 |   440 |   133 ||   780
Invok: Cleansing Flame   |       |       |       |     1 |       |       |       |       ||     1
       Oozemancy         |       |       |       |       |     1 |     8 |       |       ||     9
       Slimify           |       |       |       |       |     2 |     4 |     4 |       ||    10
Evoke: Wand              |       |       |       |     3 |    13 |     4 |       |       ||    20
  Use: Scroll            |     4 |     4 |     8 |     3 |    12 |     7 |     5 |     3 ||    46
       Potion            |       |     3 |     3 |     5 |    16 |     4 |     8 |     1 ||    40
 Stab: Sleeping          |     4 |     5 |     7 |       |    16 |    12 |     5 |     2 ||    51
       Distracted        |       |       |       |       |     3 |     6 |     4 |     4 ||    17
       Invisible         |       |       |       |       |       |       |     8 |       ||     8
Armor: Robe              |    24 |    55 |    67 |       |       |       |       |       ||   146
       Troll leather arm |       |       |    52 |   137 |   277 |   176 |   232 |    48 ||   922
Dodge: Dodged            |    38 |    81 |   179 |   262 |   841 |  1084 |  1189 |   385 ||  4059
       Repelled          |       |       |       |       |     8 |    54 |    13 |    12 ||    87

Table legend: (Time is in decaauts)
 A = Elapsed time spent in this place.
 B = Non-inter-level travel time spent in this place.
 C = Inter-level travel time spent in this place.
 D = Time resting spent in this place.
 E = Time spent auto-exploring this place.
 F = Levels seen in this place.
 G = Mean time per level.
                   A        B        C        D        E       F      G
               +--------+--------+--------+--------+--------+-----+--------+
         Total |  39338 |  35610 |   3728 |   1207 |  25651 |  54 |  728.5 |
       Dungeon |  12940 |  11597 |   1343 |    191 |   9398 |  15 |  862.7 |
        Temple |     43 |     20 |     23 |      0 |      8 |   1 |   43.0 |
          Lair |   5455 |   4951 |    504 |    192 |   3893 |   5 | 1091.0 |
        Shoals |   2336 |   2205 |    131 |     69 |   1185 |   4 |  584.0 |
     Snake Pit |   4696 |   4230 |    466 |    253 |   2827 |   4 | 1174.0 |
    Slime Pits |    438 |    232 |    206 |      0 |     96 |   5 |   87.6 |
  Orcish Mines |   1072 |    888 |    184 |      0 |    579 |   2 |  536.0 |
        Vaults |   4513 |   4181 |    332 |     45 |   3148 |   5 |  902.6 |
        Depths |   5018 |   4539 |    479 |    342 |   2773 |   4 | 1254.5 |
          Hell |      4 |      4 |      0 |      0 |      0 |   1 |    4.0 |
           Zot |   1906 |   1851 |     55 |    100 |   1320 |   2 |  953.0 |
        Bazaar |     33 |     33 |      0 |      0 |     26 |   1 |   33.0 |
         Trove |     27 |     27 |      0 |      0 |      2 |   1 |   27.0 |
       Ossuary |    154 |    154 |      0 |      0 |     80 |   1 |  154.0 |
        Bailey |    278 |    278 |      0 |      0 |    191 |   1 |  278.0 |
      Ice Cave |    313 |    313 |      0 |      0 |    122 |   1 |  313.0 |
      Gauntlet |    104 |    104 |      0 |     15 |      0 |   1 |  104.0 |
               +--------+--------+--------+--------+--------+-----+--------+

Top non-repeatable levels by time:
Depths:4: 1424 daAuts
Depths:1: 1398 daAuts
 Snake:4: 1351 daAuts
  Lair:5: 1318 daAuts
     D:5: 1299 daAuts
  Lair:3: 1264 daAuts
Vaults:2: 1217 daAuts
     D:3: 1206 daAuts
 Snake:3: 1202 daAuts
  Lair:4: 1190 daAuts
   Zot:1: 1166 daAuts
 Snake:1: 1137 daAuts
Depths:3: 1128 daAuts
Vaults:3: 1127 daAuts
Vaults:1: 1095 daAuts
